 Dungeon Crawl Stone Soup version 0.21.1-1-g345015f (webtiles) character file.

91 tidbits the Charmwright (level 4, 38/38 HPs)
             Began as a Gnoll Skald on June 22, 2018.
             Was a Follower of the Shining One.
             Quit the game on level 3 of the Dungeon.
             The game lasted 00:04:05 (459 turns).

tidbits the Charmwright (Gnoll Skald)                Turns: 459, Time: 00:04:05

Health: 38/38      AC:  3    Str: 14    XL:     4   Next: 57%
Magic:  6/11       EV: 14    Int: 16    God:    the Shining One [*.....]
Gold:   38         SH:  0    Dex: 14    Spells: 2/13 levels left

rFire    . . .     SeeInvis .   a - +0 hand axe
rCold    . . .     Gourm    .   (no shield)
rNeg     . . .     Faith    .   b - +0 leather armour
rPois    .         Spirit   .   (no helmet)
rElec    .         Reflect  .   (no cloak)
rCorr    .         Harm     .   (no gloves)
MR       .....                  (no boots)
Stlth    +.........             g - amulet of regeneration
HPRegen  0.52/turn              (no ring)
MPRegen  0.12/turn              (no ring)

@: singing, glowing
A: distributed training, fangs 1, strong nose
a: Renounce Religion


You were on level 3 of the Dungeon.
You worshipped the Shining One.
The Shining One was aware of your devotion.
You were not hungry.

You visited 1 branch of the dungeon, and saw 3 of its levels.

You collected 38 gold pieces.

Inventory:

Hand Weapons
 a - a +0 hand axe (weapon)
Missiles
 j - 20 bolts
 k - 13 arrows
Armour
 b - a +0 leather armour (worn)
 i - a +0 ring mail
Jewellery
 g - an amulet of regeneration (around neck)
   (You found it on level 1 of the Dungeon)
Scrolls
 f - a scroll of fog
 h - a scroll of blinking
 m - a scroll of remove curse
 n - a scroll of teleportation {unknown}
Potions
 e - a potion of curing {unknown}
 l - a potion of might {unknown}
Books
 c - a book of Battle

   Spells                             Type                      Level
   a - Infusion                       Charms                       1
   b - Shroud of Golubria             Charms/Translocation         2
   c - Song of Slaying                Charms                       2
   d - Spectral Weapon                Hexes/Charms                 3
   e - Regeneration                   Charms/Necromancy            3
Comestibles
 d - a ration


   Skills:
 + Level 4.6 Fighting
 + Level 1.1 Short Blades
 + Level 1.1 Long Blades
 + Level 4.6 Axes
 + Level 1.1 Maces & Flails
 + Level 1.1 Polearms
 + Level 1.1 Staves
 + Level 1.1 Slings
 + Level 1.1 Bows
 + Level 1.1 Crossbows
 + Level 1.1 Throwing
 + Level 2.7 Armour
 + Level 4.6 Dodging
 + Level 1.1 Stealth
 + Level 1.1 Shields
 + Level 1.1 Unarmed Combat
 + Level 5.1 Spellcasting
 + Level 0.9 Conjurations
 + Level 0.9 Hexes
 + Level 5.4 Charms
 + Level 0.9 Summonings
 + Level 0.9 Necromancy
 + Level 0.9 Translocations
 + Level 0.9 Transmutations
 + Level 0.9 Fire Magic
 + Level 0.9 Ice Magic
 + Level 0.9 Air Magic
 + Level 0.9 Earth Magic
 + Level 0.9 Poison Magic
 + Level 1.2 Invocations
 + Level 1.1 Evocations


You had 2 spell levels left.
You knew the following spells:

 Your Spells              Type           Power        Failure   Level  Hunger
g - Shroud of Golubria    Chrm/Tloc      ##........   8%          2    #......
i - Infusion              Chrm           ###.         1%          1    None
r - Regeneration          Chrm/Necr      ##........   14%         3    ###....
w - Spectral Weapon       Hex/Chrm       ##......     14%         3    ###....
y - Song of Slaying       Chrm           ###.....     3%          2    #......


Dungeon Overview and Level Annotations

Branches:
Dungeon (3/15)

Altars:
Makhleb
The Shining One


Innate Abilities, Weirdness & Mutations

Your experience applies equally to all skills.
You have very sharp teeth.
Your uncanny sense of smell can sniff out nearby items.


Message History

The hound closely misses you. x2
You hit the hound.
The hound is heavily wounded.
Your spectral weapon closely misses the hound.
The hound closely misses you.
You hit the hound.
The hound is almost dead.
Your spectral weapon hits the hound!
You kill the hound!
Your Short Blades skill increases to level 1!
Your Long Blades skill increases to level 1!
Your Maces & Flails skill increases to level 1!
Your Polearms skill increases to level 1!
Your Staves skill increases to level 1!
Your Slings skill increases to level 1!
Your Bows skill increases to level 1!
Your Crossbows skill increases to level 1!
Your Throwing skill increases to level 1!
Your Stealth skill increases to level 1!
Your Shields skill increases to level 1!
Your Unarmed Combat skill increases to level 1!
Your Evocations skill increases to level 1!
You have reached level 4!
You feel stronger.
You see here a hound corpse.
Found a mace.
Found 11 gold pieces.
An adder and a goblin come into view.
The goblin shouts!
The adder hisses angrily.
Found a bubbling green potion.
Casting: Spectral Weapon
Confirm with . or Enter, or press ? or * to list all spells.
You start singing a song of slaying.
Your spectral weapon fades away.
Casting: Song of Slaying
Confirm with . or Enter, or press ? or * to list all spells.
You draw out your weapon's spirit!
The goblin hits you but does no damage.
You hit the adder.
The adder is moderately wounded.
You hit the goblin.
Your spectral weapon hits the adder!
You kill the adder!
Your spectral weapon closely misses the goblin.
The goblin completely misses you.
You barely miss the goblin.
The goblin is severely wounded.
Your spectral weapon hits the goblin.
You kill the goblin!
You see here 11 gold pieces.
You now have 38 gold pieces (gained 11).
Things that are here:
a club; a goblin corpse You see here a bubbling green potion.
l - a bubbling green potion
Okay, then.
You aren't carrying any items that you can evoke.
Unknown command.
Your song is almost over.
Your song has ended.
You feel your bond with your spectral weapon wane.
Found 19 gold pieces.
Found a scroll labeled XAPHEO JOERU.
Found a scroll of remove curse.
You see here a scroll of remove curse.
m - a scroll of remove curse An ooze comes into view.
An orc comes into view.
The ooze quivers.
You see here a scroll labeled XAPHEO JOERU.
n - a scroll labeled XAPHEO JOERU The orc shouts!
Casting: Spectral Weapon
Confirm with . or Enter, or press ? or * to list all spells.
You start singing a song of slaying.
Casting: Song of Slaying
Confirm with . or Enter, or press ? or * to list all spells.
You draw out your weapon's spirit!
You swap places.
You hit the ooze.
The ooze is heavily wounded.
Your spectral weapon hits the ooze.
The ooze hits you.
You hit the orc.
The orc is severely wounded.
You barely miss the ooze.
Your spectral weapon hits the orc.
You kill the orc!
The ooze misses you.
You hit the ooze.
You kill the ooze!
Found a faded altar of an unknown god.
Found a stone staircase leading down.
Unknown command.
Found 12 gold pieces.
Your spectral weapon fades away.
There is a faded altar of an unknown god here.
You cannot tell which god this altar belongs to.
Convert to them anyway? [Y]es or [N]o only, please.
You cannot tell which god this altar belongs to.
Convert to them anyway?
The Shining One accepts your prayer! The Shining One welcomes you!
You and your allies can gain power from killing the unholy and evil.
Are you sure you want to abandon this character and quit the game? (Confirm with "yes".)

$.##......#.#.......#
..##........#.......#
..##.....#..#.......
..#....†....#.......
..#............# +#
.##............###.###
.....................#
###########.....♣....#
...##### #>...♣@♣..$#
)..#...# ##....♣..###
.......# #.......#
.......# #########
......## ......#
.###### .# .#


There were no monsters in sight!

Vanquished Creatures
  A hound (D:3)
  3 gnolls (D:3)
  An adder (D:3)
  2 oozes
  An orc (D:3)
  2 goblins
  A hobgoblin (D:1)
  3 kobolds
  A bat (D:2)
  2 frilled lizards
  A rat (D:2)
18 creatures vanquished.

Notes
Turn   | Place    | Note
-------+----------+-------------------------------------------
     0 | D:1      | tidbits the Gnoll Skald began the quest for the Orb.
     0 | D:1      | Reached XP level 1. HP: 20/20 MP: 6/6
   233 | D:2      | Reached XP level 2. HP: 25/26 MP: 2/7
   242 | D:2      | Learned a level 2 spell: Song of Slaying
   245 | D:2      | Learned a level 2 spell: Shroud of Golubria
   320 | D:3      | Reached XP level 3. HP: 31/31 MP: 3/9
   322 | D:3      | Reached skill level 5 in Spellcasting
   327 | D:3      | Reached skill level 1 in Invocations
   333 | D:3      | Learned a level 3 spell: Regeneration
   337 | D:3      | Learned a level 3 spell: Spectral Weapon
   375 | D:3      | Found a burning altar of Makhleb.
   383 | D:3      | Reached skill level 1 in Short Blades
   383 | D:3      | Reached skill level 1 in Long Blades
   383 | D:3      | Reached skill level 1 in Maces & Flails
   383 | D:3      | Reached skill level 1 in Polearms
   383 | D:3      | Reached skill level 1 in Staves
   383 | D:3      | Reached skill level 1 in Slings
   383 | D:3      | Reached skill level 1 in Bows
   383 | D:3      | Reached skill level 1 in Crossbows
   383 | D:3      | Reached skill level 1 in Throwing
   383 | D:3      | Reached skill level 1 in Stealth
   383 | D:3      | Reached skill level 1 in Shields
   383 | D:3      | Reached skill level 1 in Unarmed Combat
   383 | D:3      | Reached skill level 1 in Evocations
   383 | D:3      | Reached XP level 4. HP: 38/38 MP: 7/11
   450 | D:3      | Found a faded altar of an unknown god.
   458 | D:3      | Became a worshipper of the Shining One
   458 | D:3      | Reached * piety under the Shining One
   459 | D:3      | Quit the game

Skill      XL: |  1  2  3 |
---------------+----------+-----
Spellcasting   | 5 |  5.1
Invocations    | 1 |  1.2
Short Blades   | 1 |  1.1
Long Blades    | 1 |  1.1
Maces & Flails | 1 |  1.1
Polearms       | 1 |  1.1
Staves         | 1 |  1.1
Slings         | 1 |  1.1
Bows           | 1 |  1.1
Crossbows      | 1 |  1.1
Throwing       | 1 |  1.1
Stealth        | 1 |  1.1
Shields        | 1 |  1.1
Unarmed Combat | 1 |  1.1
Evocations     | 1 |  1.1
Fighting       | |  4.6
Axes           | |  4.6
Armour         | |  2.7
Dodging        | |  4.6
Conjurations   | |  0.9
Hexes          | |  0.9
Charms         | |  5.4
Summonings     | |  0.9
Necromancy     | |  0.9
Translocations | |  0.9
Transmutations | |  0.9
Fire Magic     | |  0.9
Ice Magic      | |  0.9
Air Magic      | |  0.9
Earth Magic    | |  0.9
Poison Magic   | |  0.9

Action                   |  1- 3 |  4- 6 || total
-------------------------+-------+-------++-------
Melee: Hand axe          |    41 |     5 ||    46
       Bite              |     6 |       ||     6
 Cast: Infusion          |     3 |       ||     3
       Song of Slaying   |     2 |     2 ||     4
       Shroud of Golubri |     1 |       ||     1
       Spectral Weapon   |     1 |     2 ||     3
  Use: Scroll            |     3 |       ||     3
 Stab: Sleeping          |     1 |       ||     1
Armor: Leather armour    |     9 |     1 ||    10
Dodge: Dodged            |    24 |     2 ||    26

Table legend:
 A = Turns spent in this place as a percentage of turns spent in the entire game.
 B = Non-inter-level travel turns spent in this place as a percentage of non-inter-level travel turns spent in the entire game.
 C = Inter-level travel turns spent in this place as a percentage of turns spent in this place.
 D = Turns resting spent in this place as a percentage of non-inter-level travel turns spent in this place.
 E = Turns spent auto-exploring this place as a percentage of non-inter-level travel turns spent in this place.
 F = Non-inter-level travel turns spent in this place divided by the number of levels of this place that you've seen.
                   A       B       C       D       E      F
               +-------+-------+-------+-------+-------+----------------------
         Total | 100.0 | 100.0 |   0.0 |   0.0 |   0.0 | 153.0
       Dungeon | 100.0 | 100.0 |   0.0 |   0.0 |   0.0 | 153.0
               +-------+-------+-------+-------+-------+----------------------

Table legend:
 A = Kills in this place as a percentage of kills in entire the game.
 B = Kills by you in this place as a percentage of kills by you in the entire game.
 C = Kills by friends in this place as a percentage of kills by friends in the entire game.
 D = Other kills in this place as a percentage of other kills in the entire game.
 E = Experience gained in this place as a percentage of experience gained in the entire game.
 F = Experience gained in this place divided by the number of levels of this place that you have seen.
                   A       B       C       D       E      F
               +-------+-------+-------+-------+-------+----------------------
         Total | 100.0 | 100.0 |   N/A |   N/A | 100.0 |  43.3
       Dungeon | 100.0 | 100.0 |   N/A |   N/A | 100.0 |  43.3
               +-------+-------+-------+-------+-------+----------------------

Vault maps used:
D:1:      dpeg_arrival_simpleton_c, hangedman_decor_points, minmay_ruptured
D:2:      grunt_qazlal_sundering, nemelex_dance_club_becter, uniq_natasha,
          uniq_jessica, uniq_crazy_yiuf_cottage
D:3:      minmay_wonky_spiral, chequers_ecumenical_altar_simple,
          makhleb_heckhound_becter
